Map: White Rabbit LE

Players

Neuro

  • Race: Zerg Zerg
  • League: Grandmaster
  • Spawn Location: 1:00

IIIIIIIIIIII - Winner!

  • Race: Protoss Protoss
  • League: Grandmaster
  • Spawn Location: 7:00

VOD

Have the link to the VOD?

Description

Time

  • Played on: March 4, 2026, 9:59 p.m.
  • Length: 11:49
Show
View Real Time Build Order
Export as new Build Order

Neuro Zerg 

Build Orders: Hatch First 

Get SALT Encoding   

  12  0:00  Drone  
  13  0:08  Drone  
  14  0:15  Extractor, Drone  
  15  0:23  Overlord  
  15  0:41  Drone  
  16  0:45  Hatchery  
  16  0:49  Drone  
  16  0:52  Drone  
  16  0:57  Drone  
  18  1:06  Extractor  
  17  1:12  Spawning Pool  
  17  1:14  Drone  
  17  1:18  Drone  
  18  1:26  Drone  
  19  1:37  Drone  
  20  1:48  Overlord  
  20  1:58  Queen x2  
  20  1:59  Zergling x4  
  26  2:09  Drone  
  26  2:10  Drone  
  26  2:11  Metabolic Boost  
  28  2:19  Drone  
  28  2:21  Drone  
  30  2:41  Overlord  
  30  2:43  Hatchery  
  29  2:45  Queen  
  29  2:49  Drone x2  
  33  2:53  Overlord  
  33  2:57  Zergling x2  
  35  2:58  Zergling x2  
  35  3:09  Drone x4  
  39  3:15  Drone x3  
  42  3:23  Drone x3  
  45  3:33  Roach Warren, Drone  
  45  3:44  Drone x5  
  50  3:52  Overlord x2  
  50  3:59  Overlord  
  50  4:00  Overlord x3  
  50  4:11  Extractor  
  50  4:16  Roach x5  
  59  4:24  Queen  
  59  4:25  Roach  
  59  4:26  Zergling x6  
  59  4:29  Queen  
  68  4:43  Overlord  
  68  4:44  Drone  
  69  4:46  Roach x2, Zergling x10  
  69  4:52  Queen  
  80  5:02  Drone x3  
  80  5:03  Drone  
  84  5:12  Roach x5, Zergling x4  
  95  5:28  Overlord  
  95  5:29  Overlord x2  
  95  5:32  Spore Crawler  
  95  5:34  Lair  
  94  5:35  Queen  
  96  5:46  Overlord  
  95  5:50  Spore Crawler  
  95  5:51  Spore Crawler  
  95  5:52  Drone x7  
  100  6:05  Queen  
  100  6:10  Spore Crawler  
  101  6:15  Queen, Spore Crawler  
  102  6:25  Overlord  
  102  6:26  Drone x10  
  102  6:31  Spore Crawler  
  102  6:32  Drone x2  
  113  6:33  Drone, Extractor  
  113  6:34  Extractor  
  113  6:38  Drone x4  
  116  6:43  Spore Crawler  
  115  6:50  Spire, Evolution Chamber  
  113  6:59  Lair  
  113  7:05  Extractor x2  
  109  7:15  Hatchery  
  108  7:19  Drone x12  
  120  7:30  Drone x3  
  123  7:41  Drone x3  
  123  7:42  Drone x2  
  128  7:45  Drone x3  
  128  7:46  Overlord  
  128  7:49  Zerg Melee Weapons Level 1  
  131  8:00  Overlord x3  
  131  8:04  Spire  
  130  8:09  Spore Crawler  
  130  8:10  Spore Crawler  
  130  8:11  Spore Crawler  
  127  8:25  Spore Crawler x2  
  127  8:26  Spore Crawler  
  124  8:27  Spore Crawler  
  124  8:28  Overseer  
  124  8:31  Burrow  
  123  8:36  Spore Crawler  
  123  8:37  Spore Crawler x2  
  123  8:38  Spore Crawler  
  123  8:39  Spore Crawler  
  118  8:41  Drone x9  
  127  8:49  Glial Reconstitution  
  123  9:12  Zerg Flyer Weapons Level 1  
  115  9:17  Queen  
  115  9:18  Corruptor x5  
  115  9:23  Corruptor  
  115  9:34  Hatchery  
  114  9:42  Queen  
  116  9:49  Drone x7  
  116  9:51  Infestation Pit  
  122  9:53  Queen  
  122  9:54  Corruptor x4  
  132  10:01  Overseer  
  130  10:07  Corruptor x2  
  132  10:25  Corruptor  
  132  10:26  Corruptor x2  
  138  10:37  Queen x2  
  138  10:40  Queen  
  144  10:44  Extractor  
  144  10:46  Roach  
  144  10:47  Roach x11  
  144  10:48  Extractor  
  156  11:01  Corruptor x2  
  125  11:18  Corruptor x3  
  106  11:27  Zergling x10  
Show
View Real Time Build Order
Export as new Build Order

IIIIIIIIIIII Protoss - Winner!

Build Orders: 1 Gate Expand, Carriers 

Get SALT Encoding   

  1  0:00  Probe  
  13  0:07  Probe  
  14  0:17  Pylon, Probe  
  16  0:35  Probe  
  16  0:38  Gateway  
  16  0:46  Assimilator  
  16  0:47  Probe  
  17  0:59  Probe  
  18  1:12  Probe  
  19  1:23  Nexus  
  19  1:34  Cybernetics Core  
  19  1:37  Probe  
  20  1:44  Assimilator  
  20  1:47  Probe  
  20  1:53  Pylon  
  21  1:55  Probe  
  22  2:01  Adept  
  22  2:03  Probe  
  23  2:15  Probe  
  26  2:22  Stargate  
  26  2:27  Probe  
  27  2:31  Adept  
  27  2:36  Pylon  
  29  2:43  Probe x2  
  31  2:48  Gateway  
  31  2:49  Warp Gate  
  31  2:55  Probe  
  32  3:00  Probe  
  32  3:04  Void Ray  
  33  3:11  Probe  
  38  3:19  Pylon  
  38  3:20  Probe  
  39  3:28  Probe  
  39  3:32  Probe  
  41  3:40  Probe  
  42  3:44  Assimilator  
  42  3:45  Probe, Assimilator  
  43  3:53  Probe  
  43  3:55  Stargate  
  44  3:57  Probe  
  45  4:03  Pylon  
  45  4:05  Probe  
  45  4:06  Shield Battery  
  45  4:09  Probe, Void Ray  
  52  4:17  Probe  
  52  4:21  Probe  
  52  4:22  Pylon  
  53  4:29  Probe  
  54  4:35  Void Ray  
  54  4:40  Void Ray  
  58  4:46  Probe, Pylon  
  58  4:50  Probe  
  64  5:06  Probe  
  69  5:14  Void Ray  
  69  5:17  Void Ray  
  69  5:19  Pylon  
  69  5:20  Forge  
  73  5:34  Fleet Beacon  
  73  5:51  Shield Battery  
  73  5:52  Pylon  
  73  6:09  Photon Cannon x2  
  73  6:10  Carrier  
  73  6:11  Photon Cannon, Carrier  
  73  6:17  Flux Vanes, Photon Cannon  
  85  6:29  Pylon  
  85  6:31  Pylon  
  85  6:35  Pylon  
  85  6:52  Protoss Air Weapons Level 1  
  85  7:03  Mothership  
  93  7:30  Carrier  
  93  7:36  Carrier  
  95  7:51  Gateway  
  95  7:53  Gateway  
  95  7:55  Gateway  
  95  7:57  Gateway  
  101  8:00  Pylon  
  101  8:03  Pylon  
  100  8:06  Pylon  
  100  8:16  Pylon  
  100  8:34  Carrier  
  106  8:42  Carrier  
  106  8:48  Zealot x3  
  118  8:59  Pylon  
  118  9:02  Pylon  
  118  9:03  Protoss Air Weapons Level 2  
  118  9:40  Void Ray  
  118  9:41  Zealot x2  
  118  9:43  Adept x4  
  118  9:44  Void Ray  
  138  10:04  Adept  
  138  10:06  Adept  
  138  10:07  Adept x4  
  150  10:23  Void Ray  
  150  10:27  Void Ray  
  158  10:29  Zealot x3  
  158  10:30  Zealot  
Tags
 
Add a new tag
Caveats
  • Supply blocks, unpowered buildings, or Contaminate may cause inaccurate times.
  • Supply counts are checked every 10 seconds.